 Dungeon Crawl Stone Soup version 0.27.1-1-g398f81649c (webtiles) character file.

Game seed: 15032176430515938894

61 Descartes the Covert (level 3, -1/19 HPs)
             Began as a Spriggan Delver on Sept 18, 2021.
             Slain by a scorpion zombie (5 damage)
             ... on level 5 of the Dungeon.
             The game lasted 00:02:56 (402 turns).

Descartes the Covert (Spriggan Delver)               Turns: 402, Time: 00:02:57

Health: -1/19      AC:  2    Str:  9    XL:     3   Next: 83%
Magic:  4/4        EV: 18    Int: 11    God:
Gold:   26         SH:  0    Dex: 16    Spells: 2/2 levels left

rFire    . . .     SeeInvis +   a - +0 short sword
rCold    . . .     Faith    .   (shield restricted)
rNeg     . . .     Spirit   .   b - +0 robe
rPois    .         Reflect  .   (helmet restricted)
rElec    .         Harm     .   (no cloak)
rCorr    .         Rampage  .   (gloves unavailable)
Will     .....                  (boots unavailable)
Stlth    ++++......             (no amulet)
HPRegen  0.06/turn              (no ring)
MPRegen  0.09/turn              (no ring)

@: very quick
A: very small, no large weapons, unfitting armour, see invisible, speed 3
a: no special abilities


You were on level 5 of the Dungeon.
You visited 1 branch of the dungeon, and saw 1 of its levels.

You collected 26 gold pieces.

Inventory:

Hand Weapons
 a - a +0 short sword (weapon)
Missiles
 h - 19 arrows
Armour
 b - a +0 robe (worn)
Wands
 g - a wand of digging (3)
Scrolls
 c - a scroll of fog
 d - a scroll of magic mapping
 e - a scroll of fear
Potions
 f - a potion of haste


   Skills:
 - Level 2.4 Fighting
 + Level 3.2 Short Blades
 + Level 3.9 Dodging
 + Level 8.0 Stealth


You had 2 spell levels left.
You didn't know any spells.
Your spell library contained the following spells:

 Spells                   Type           Power      Damage    Failure   Level
 Magic Dart               Conj           0%         1d3       34%         1
 Call Imp                 Summ           0%         N/A       47%         2
 Mephitic Cloud           Conj/Pois/Air  0%         N/A       71%         3


Dungeon Overview and Level Annotations

Branches:
Dungeon (5/15)
 Temple: D:4-7

Altars:


Innate Abilities, Weirdness & Mutations

You are very small and have problems with some larger weapons.
You are too small for most types of armour.
You have supernaturally acute eyesight. (SInv)
You cover ground extremely quickly. (Speed+++)


Message History

The jackal bites you but does no damage.
You hit the jackal.
You kill the jackal!
You see here a jackal corpse.
You see here a jackal corpse.
The bullfrog zombie misses you.
You hit the bullfrog zombie.
The bullfrog zombie is lightly damaged.
The bullfrog zombie hits you but does no damage.
You hit the bullfrog zombie.
The bullfrog zombie is lightly damaged.
The bullfrog zombie hits you.
* * * LOW HITPOINT WARNING * * *
You see here a jackal corpse.
You see here a jackal corpse.
You start resting.
A scorpion zombie is nearby!
You see here a jackal corpse.
The bullfrog zombie barely misses you.
You see here a +0 chain mail.
You start resting.
A scorpion zombie is nearby!
You start resting.
A scorpion zombie is nearby!
You catch the helpless scorpion zombie completely off-guard!
You impale the scorpion zombie!!
The scorpion zombie is severely damaged.
The scorpion zombie hits you.
You hit the scorpion zombie.
The scorpion zombie is almost destroyed.
The scorpion zombie completely misses you.
You hit the scorpion zombie.
The scorpion zombie is almost destroyed.
The scorpion zombie hits you.
* * * LOW HITPOINT WARNING * * *
A scorpion zombie is nearby!
You barely miss the scorpion zombie.
The scorpion zombie is almost destroyed.
The scorpion zombie hits you.
You die...

###.####...#....# #.#####
...## #..##....# #.#...
#.## #..##....# #.... #.#
#..###.#.# #.#.# ..#
#........#####.#.## ###
#..###.####.......#####.#
#...........#...........#
#.#######.Z.#.....#######
#........@#####Z>##
#######...#...##
###[#Z### #...# #####


You could see a scorpion zombie.

Vanquished Creatures
  A hound (D:5)
  An orc wizard (D:5)
  2 orcs (D:5)
  2 jackals (D:5)
6 creatures vanquished.

Notes
Turn   | Place    | Note
-------+----------+-------------------------------------------
     0 | D:5      | Descartes the Spriggan Delver began the quest for the Orb.
     0 | D:5      | Reached XP level 1. HP: 11/11 MP: 2/2
    33 | D:5      | Noticed a hound
    38 | D:5      | Killed a hound
    39 | D:5      | Reached XP level 2. HP: 16/16 MP: 3/3
    39 | D:5      | Reached XP level 3. HP: 19/19 MP: 4/4
    67 | D:5      | Reached skill level 8 in Stealth
   402 | D:5      | Slain by a scorpion zombie

Illustrated notes

Levels and vault maps discovered:
D:5:      layout_loops_ring

Skill      XL: |  1  2  3 |
---------------+----------+-----
Dodging        | 3 |  3.9
Short Blades   | 3 |  3.2
Stealth        | 8 |  8.0
Fighting       | |  2.4

Action                   || total
-------------------------++-------
Melee: Short sword       ||    37
 Stab: Sleeping          ||     4
       Distracted        ||     1
Armor: Robe              ||     5
Dodge: Dodged            ||    23
